Islanders vs Red Wings

Created - 4 janvier 2018 at 07:22

Goals
1 2 3 OT1 T
Islanders 1 1 2 0 4
Red Wings 1 2 1 1 5
Shots
1 2 3 OT1 T
Islanders 11 13 7 1 32
Red Wings 14 10 11 1 36

1st period

1. Islanders , Vladimir Tarasenko 9 (Nicklas Backstrom 12, Jordie Benn 6) at 9:29
2. Red Wings , John Tavares 20 (Mark Scheifele 28) at 11:54

Penalties :
Paul Martin (DET) for Slashing (Minor) at 12:54, Dion Phaneuf (DET) for Hooking (Minor) at 19:47

2nd period

3. Red Wings , Nick Bonino 9 (Matt Nieto 8, Paul Martin 5) at 7:45
4. Red Wings , Brandon Dubinsky 9 (Sam Gagner 13, David Pastrnak 19) at 9:16
5. Islanders , Nicklas Backstrom 10 (Alex Goligoski 9) at 19:02

Penalties :
Dion Phaneuf (DET) for Hooking (Minor) at 9:27

3rd period

6. Islanders , Chris Mueller 1 (Jake Gardiner 6, James Neal 12) at 13:48
7. Islanders , Chris Mueller 2 (Timo Meier 4) at 19:28
8. Red Wings , John Tavares 21 (Mark Scheifele 29) at 19:38

Penalties :
Tyler Bozak (NYI) for Boarding (Minor) at 6:32

Overtime #1

9. Red Wings , John Tavares 22 (Mark Scheifele 30, Ben Hutton 7) at 0:22

Penalties :
No Penalty

Goalie Stats

Keith Kinkaid (NYI), 31 saves from 36 shots - (0,861), OTL, 0-1-1, 60:22 minutes
James Reimer (DET), 28 saves from 32 shots - (0,875), W, 14-11-3, 60:18 minutes

Players Stats for Islanders

Player Name              G  A  P  +/- PIM S  H  SB GA TA FO     MP     PP MP  PK MP  
------------------------------------------------------------------------------------
Alex Goligoski           0  1  1   1  0   2  1  0  0  1  0/0    25:41   3:48   0:57 
Brandon Saad             0  0  0  -2  0   4  1  1  0  1  1/1    17:42   2:30   0:26 
Chris Mueller            2  0  2   2  0   3  1  0  0  0  0/0     8:24   0:00   0:31 
Evan Rodrigues           0  0  0   2  0   0  0  0  0  0  1/2     7:39   0:00   0:00 
Jake Gardiner            0  1  1   0  0   1  0  1  0  0  0/0    21:50   2:09   0:00 
James Neal               0  1  1   2  0   2  0  0  0  0  0/0    18:20   2:30   0:00 
Jesper Fast              0  0  0  -2  0   2  0  0  0  1  2/3    14:58   0:00   1:05 
Jordie Benn              0  1  1  -1  0   1  0  2  0  2  0/0    18:48   2:09   1:02 
Karl Alzner              0  0  0   1  0   0  0  2  0  0  0/0    21:15   3:48   0:57 
Kyle Palmieri            0  0  0  -4  0   1  3  1  1  2  0/0    18:27   3:27   0:00 
Mikhail Grigorenko       0  0  0  -1  0   5  1  0  2  0  0/0    14:26   0:00   0:43 
Nicklas Backstrom        1  1  2   1  0   3  0  1  0  0  9/22   19:49   3:27   0:08 
Radek Faksa              0  0  0  -2  0   0  2  1  1  0  6/15   14:58   0:00   1:05 
Ryan Murray              0  0  0  -1  0   0  0  1  0  0  0/0    15:53   0:00   0:00 
Timo Meier               0  1  1   2  0   0  1  0  0  0  0/0     7:42   0:00   0:00 
Tyler Bozak              0  0  0  -2  2   1  1  0  0  1  8/13   17:01   2:30   0:00 
Vladimir Tarasenko       1  0  1   2  0   3  3  0  1  1  0/0    19:18   3:27   0:00 
Will Butcher             0  0  0  -1  0   4  0  3  0  2  0/0    16:55   0:00   1:02 

Players Stats for Red Wings

Player Name              G  A  P  +/- PIM S  H  SB GA TA FO     MP     PP MP  PK MP  
------------------------------------------------------------------------------------
Ben Hutton               0  1  1  -2  0   2  2  1  1  0  0/0    15:34   1:18   2:18 
Brandon Dubinsky         1  0  1   1  0   3  0  0  0  0  7/12   16:28   0:49   2:11 
Cedric Paquette          0  0  0  -2  0   1  1  0  1  0  0/1    11:45   0:00   3:31 
Christian Djoos          0  0  0  -3  0   2  1  0  0  0  0/0    11:39   0:00   0:00 
Connor Murphy            0  0  0   1  0   1  1  2  0  2  0/0    21:48   0:00   3:52 
David Pastrnak           0  1  1   2  0   2  0  0  1  0  1/1    14:50   1:10   0:17 
Dion Phaneuf             0  0  0   2  4   1  6  2  0  0  0/0    24:28   0:41   0:58 
John Carlson             0  0  0   2  0   0  1  1  0  0  0/0    25:54   1:18   2:48 
John Tavares             3  0  3   1  0   10 0  0  0  0  10/25  19:35   1:10   0:00 
Joseph Blandisi          0  0  0   1  0   0  2  0  0  0  1/1    12:13   0:00   0:00 
Lukas Sedlak             0  0  0  -1  0   0  0  0  0  0  1/1     8:09   0:00   0:00 
Mark Scheifele           0  3  3   1  0   3  0  0  4  1  1/1    19:35   1:10   0:00 
Markus Hannikainen       0  0  0  -1  0   2  0  0  1  0  0/0     8:01   0:00   0:00 
Matt Nieto               0  1  1   0  0   2  2  1  0  0  0/0    13:57   0:00   1:41 
Nick Bonino              1  0  1   1  0   3  3  0  2  0  7/12   15:33   0:00   3:39 
Oscar Lindberg           0  0  0   0  0   0  0  0  0  0  0/0     1:07   0:00   0:35 
Paul Martin              0  1  1   1  2   1  1  5  1  1  0/0    21:23   0:41   1:58 
Sam Gagner               0  1  1   0  0   0  1  0  0  0  1/1    14:19   0:49   0:00 
Tomas Tatar              0  0  0  -1  0   3  0  0  0  1  0/1    18:47   0:49   0:00 

3 Stars

1 - John Tavares (DET)
2 - Chris Mueller (NYI)
3 - Mark Scheifele (DET)

Power Play

Islanders - 0 on 4 Attempt(s) - 0,00%
Red Wings - 0 on 1 Attempt(s) - 0,00%

Penalty Kill

Islanders - 1 on 1 Attempt(s) - 100,00% - Score 0 goal in Penalty Kill
Red Wings - 4 on 4 Attempt(s) - 100,00% - Score 0 goal in Penalty Kill

Team Stat

Islanders - Hits : 14 - Faceoff Wins : 27 - Blocked Shots : 13 - Penalty Minutes : 2
Red Wings - Hits : 21 - Faceoff Wins : 29 - Blocked Shots : 12 - Penalty Minutes : 6

Official

Referees : Kendrick Nicholson and Chris Rooney
Linesman : Greg Devorski and Brad Kovachik

Game Notes

5:46 of 2nd period - Penalty Shot by Paul Martin for Red Wings - Stopped by Keith Kinkaid
John Tavares has scored a Hat Trick!

Finance

Level 1 -- Attendance: 4420 (73,67%) -- Ticket Income 442 000 $
Level 2 -- Attendance: 5000 (100,00%) -- Ticket Income 300 000 $
Level 3 -- Attendance: 2000 (100,00%) -- Ticket Income 70 000 $
Level 4 -- Attendance: 3680 (92,00%) -- Ticket Income 73 600 $
Luxury Box -- Attendance: 736 (73,60%) -- Ticket Income 147 200 $
Game was played at the Octopus Arena.
Total Attendance: 15836 (87,98%)
Total Ticket Income: 1 032 800 $
Other Income: 506 072 $
Total Income: 1 538 872 $

Islanders

5 vs 5 Forward 
   Center                   Left Wing                Right Wing               Time % Phy DF OF 
 1 Nicklas Backstrom        James Neal               Vladimir Tarasenko       32     0   2  3  
 2 Tyler Bozak              Kyle Palmieri            Brandon Saad             31     0   2  3  
 3 Radek Faksa              Jesper Fast              Mikhail Grigorenko       27     0   3  2  
 4 Evan Rodrigues           Timo Meier               Chris Mueller            10     0   3  2  

5 vs 5 Defense 
   Defense                  Defense                                           Time % Phy DF OF 
 1 Alex Goligoski           Karl Alzner                                       30     0   3  2  
 2 Jordie Benn              Jake Gardiner                                     30     0   3  2  
 3 Will Butcher             Ryan Murray                                       30     0   3  2  
 4 Alex Goligoski           Jake Gardiner                                     10     1   2  2  

PowerPlay Forward 
   Center                   Left Wing                Right Wing               Time % Phy DF OF 
 1 Nicklas Backstrom        Kyle Palmieri            Vladimir Tarasenko       60     0   1  4  
 2 Tyler Bozak              James Neal               Brandon Saad             40     0   1  4  

PowerPlay Defense
   Defense                  Defense                                           Time % Phy DF OF 
 1 Alex Goligoski           Karl Alzner                                       60     0   2  3  
 2 Jordie Benn              Jake Gardiner                                     40     0   2  3  

Penalty Kill 4 Players Forward 
   Center                   Wing                     Time % Phy DF OF 
 1 Radek Faksa              Jesper Fast              60     1   2  2  
 2 Chris Mueller            Mikhail Grigorenko       40     1   2  2  

Penalty Kill 4 Players Defense
   Defense                  Defense                  Time % Phy DF OF 
 1 Alex Goligoski           Karl Alzner              60     1   2  2  
 2 Jordie Benn              Will Butcher             40     1   2  2  

Penalty Kill - 3 Players Forward 
   Forward                                           Time % Phy DF OF 
 1 Radek Faksa                                       50     0   4  1  
 2 Kyle Palmieri                                     50     0   4  1  

Penalty Kill - 3 Players Defense
   Defense                  Defense                  Time % Phy DF OF 
 1 Alex Goligoski           Karl Alzner              50     0   5  0  
 2 Jordie Benn              Will Butcher             50     0   5  0  

4 vs 4 Forward 
   Center                   Wing                     Time % Phy DF OF 
 1 Nicklas Backstrom        Vladimir Tarasenko       60     1   2  2  
 2 Kyle Palmieri            James Neal               40     1   2  2  

4 vs 4 Defense
   Defense                  Defense                  Time % Phy DF OF 
 1 Alex Goligoski           Karl Alzner              60     1   2  2  
 2 Jordie Benn              Jake Gardiner            40     1   2  2  

Last Minutes Offensive
   Center                   Left Wing                Right Wing               Defense                  Defense                  
   Nicklas Backstrom        Kyle Palmieri            Vladimir Tarasenko       Alex Goligoski           Karl Alzner              

Last Minutes Defensive
   Center                   Left Wing                Right Wing               Defense                  Defense                  
   Radek Faksa              Kyle Palmieri            Jesper Fast              Alex Goligoski           Karl Alzner              

Goaltenders
Starting : Keith Kinkaid            
Backup : Corey Crawford           

Extra Forwards
Normal : Radek Faksa, Jesper Fast, Chris Mueller - PP : Radek Faksa, Jesper Fast - PK : Chris Mueller
Extra Defensemen
Normal : Will Butcher, Ryan Murray, Jordie Benn - PP : Will Butcher - PK : Ryan Murray, Jordie Benn
Penalty Shots
Nicklas Backstrom, Vladimir Tarasenko, Kyle Palmieri, James Neal, Brandon Saad
Custom OT Lines Forwards
Nicklas Backstrom, Vladimir Tarasenko, Kyle Palmieri, James Neal, Brandon Saad, Tyler Bozak, Radek Faksa, Jesper Fast, Chris Mueller, Timo Meier
Custom OT Lines Defensemen
Alex Goligoski, Karl Alzner, Jordie Benn, Jake Gardiner, Will Butcher

Scratches
Matt Dumba (Healthy), Colin Greening (Healthy), Al Montoya (Healthy)

Red Wings

5 vs 5 Forward 
   Center                   Left Wing                Right Wing               Time % Phy DF OF 
 1 John Tavares             Tomas Tatar              Mark Scheifele           42     1   2  2  
 2 Brandon Dubinsky         Sam Gagner               David Pastrnak           32     1   2  2  
 3 Nick Bonino              Matt Nieto               Joseph Blandisi          18     1   2  2  
 4 Lukas Sedlak             Markus Hannikainen       Cedric Paquette          8      2   2  1  

5 vs 5 Defense 
   Defense                  Defense                                           Time % Phy DF OF 
 1 John Carlson             Dion Phaneuf                                      40     2   2  1  
 2 Paul Martin              Connor Murphy                                     30     2   2  1  
 3 Christian Djoos          Ben Hutton                                        20     2   2  1  
 4 Paul Martin              Dion Phaneuf                                      10     1   2  2  

PowerPlay Forward 
   Center                   Left Wing                Right Wing               Time % Phy DF OF 
 1 John Tavares             David Pastrnak           Mark Scheifele           60     1   1  3  
 2 Brandon Dubinsky         Sam Gagner               Tomas Tatar              40     1   1  3  

PowerPlay Defense
   Defense                  Defense                                           Time % Phy DF OF 
 1 John Carlson             Ben Hutton                                        60     1   1  3  
 2 Paul Martin              Dion Phaneuf                                      40     1   1  3  

Penalty Kill 4 Players Forward 
   Center                   Wing                     Time % Phy DF OF 
 1 Nick Bonino              Cedric Paquette          60     1   3  1  
 2 Brandon Dubinsky         Matt Nieto               40     1   3  1  

Penalty Kill 4 Players Defense
   Defense                  Defense                  Time % Phy DF OF 
 1 Connor Murphy            Paul Martin              60     1   3  1  
 2 John Carlson             Dion Phaneuf             40     1   3  1  

Penalty Kill - 3 Players Forward 
   Forward                                           Time % Phy DF OF 
 1 Nick Bonino                                       60     1   4  0  
 2 Brandon Dubinsky                                  40     1   4  0  

Penalty Kill - 3 Players Defense
   Defense                  Defense                  Time % Phy DF OF 
 1 Connor Murphy            Paul Martin              60     1   4  0  
 2 John Carlson             Dion Phaneuf             40     1   4  0  

4 vs 4 Forward 
   Center                   Wing                     Time % Phy DF OF 
 1 John Tavares             David Pastrnak           60     1   2  2  
 2 Nick Bonino              Mark Scheifele           40     1   2  2  

4 vs 4 Defense
   Defense                  Defense                  Time % Phy DF OF 
 1 Dion Phaneuf             John Carlson             60     1   2  2  
 2 Christian Djoos          Connor Murphy            40     1   2  2  

Last Minutes Offensive
   Center                   Left Wing                Right Wing               Defense                  Defense                  
   John Tavares             David Pastrnak           Mark Scheifele           Dion Phaneuf             John Carlson             

Last Minutes Defensive
   Center                   Left Wing                Right Wing               Defense                  Defense                  
   Nick Bonino              Brandon Dubinsky         Matt Nieto               Dion Phaneuf             John Carlson             

Goaltenders
Starting : James Reimer             
Backup : Anders Nilsson           

Extra Forwards
Normal : John Tavares, Lukas Sedlak, Oscar Lindberg - PP : John Tavares, David Pastrnak - PK : Oscar Lindberg
Extra Defensemen
Normal : Connor Murphy, Christian Djoos, Ben Hutton - PP : Connor Murphy - PK : Connor Murphy, Ben Hutton
Penalty Shots
Nick Bonino, John Tavares, David Pastrnak, Tomas Tatar, Mark Scheifele
Custom OT Lines Forwards
John Tavares, David Pastrnak, Mark Scheifele, Cedric Paquette, Brandon Dubinsky, Tomas Tatar, Nick Bonino, Matt Nieto, Markus Hannikainen, Joseph Blandisi
Custom OT Lines Defensemen
Ben Hutton, Dion Phaneuf, John Carlson, Connor Murphy, Christian Djoos

Scratches
Bryce Van Brabant (Healthy), Michael Zalewski (Healthy), Ryan Johnston (Healthy)

% Time on Ice - Islanders

Lines # - Real PCT - Wanted PCT - Time Play
Normal Forward
1 - 31% - 32% - 16:01
2 - 28% - 31% - 14:37
3 - 26% - 27% - 13:43
4 - 15% - 10% - 7:33
Normal Defense
1 - 31% - 30% - 16:20
2 - 30% - 30% - 15:37
3 - 31% - 30% - 15:53
4 - 8% - 10% - 4:04
PP Forward
1 - 58% - 60% - 3:27
2 - 42% - 40% - 2:30
PP Defense
1 - 64% - 60% - 3:48
2 - 36% - 40% - 2:09
PK Forward
1 - 90% - 60% - 1:47
2 - 10% - 40% - 0:12
PK Defense
1 - 48% - 60% - 0:57
2 - 52% - 40% - 1:02
PK3 Forward
1 - 0% - 50%
2 - 0% - 50%
PK3 Defense
1 - 0% - 50%
2 - 0% - 50%
44 Forward
1 - 0% - 60%
2 - 0% - 40%
44 Defense
1 - 0% - 60%
2 - 0% - 40%
Last Minute Offensive  - 0:00
Last Minute Defensive  - 0:10
Total
Forward - 60:00
Defense - 60:00

% Time on Ice - Red Wings

Lines # - Real PCT - Wanted PCT - Time Play
Normal Forward
1 - 36% - 42% - 18:30
2 - 27% - 32% - 13:54
3 - 23% - 18% - 11:42
4 - 15% - 8% - 7:48
Normal Defense
1 - 41% - 40% - 21:03
2 - 32% - 30% - 16:36
3 - 21% - 20% - 10:46
4 - 7% - 10% - 3:29
PP Forward
1 - 59% - 60% - 1:10
2 - 41% - 40% - 0:49
PP Defense
1 - 66% - 60% - 1:18
2 - 34% - 40% - 0:41
PK Forward
1 - 72% - 60% - 4:16
2 - 28% - 40% - 1:41
PK Defense
1 - 50% - 60% - 2:59
2 - 50% - 40% - 2:58
PK3 Forward
1 - 0% - 60%
2 - 0% - 40%
PK3 Defense
1 - 0% - 60%
2 - 0% - 40%
44 Forward
1 - 0% - 60%
2 - 0% - 40%
44 Defense
1 - 0% - 60%
2 - 0% - 40%
Last Minute Offensive  - 0:10
Last Minute Defensive  - 0:00
Total
Forward - 60:00
Defense - 60:00

Play by Play

1st period


0:01 of 1st period - Nicklas Backstrom wins face-off versus John Tavares in neutral zone.
0:35 of 1st period - Snap shot by Nicklas Backstrom.
0:35 of 1st period - Shot Misses the Net.
0:51 of 1st period - Slapshot by Vladimir Tarasenko.
0:51 of 1st period - Shot Blocked by Dion Phaneuf.
1:01 of 1st period - Wrist shot by John Tavares.
1:01 of 1st period - Stopped by Keith Kinkaid with a rebound.
1:03 of 1st period - Slapshot by John Carlson.
1:03 of 1st period - Shot Blocked by Nicklas Backstrom.
1:05 of 1st period - Wrist shot by John Tavares.
1:05 of 1st period - Stopped by Keith Kinkaid with a rebound.
1:07 of 1st period - Slapshot by Dion Phaneuf.
1:07 of 1st period - Stopped by Keith Kinkaid with a rebound.
1:09 of 1st period - Wrist shot by Mark Scheifele.
1:09 of 1st period - Shot Misses the Net.
1:54 of 1st period - Snap shot by John Tavares.
1:54 of 1st period - Stopped by Keith Kinkaid without a rebound.
1:55 of 1st period - Tyler Bozak wins face-off versus Brandon Dubinsky in Islanders zone.
2:24 of 1st period - Wrist shot by Mikhail Grigorenko.
2:24 of 1st period - Stopped by James Reimer with a rebound.
3:00 of 1st period - David Pastrnak is hit by Brandon Saad and loses puck.
3:05 of 1st period - Snap shot by Kyle Palmieri.
3:05 of 1st period - Stopped by James Reimer with a rebound.
3:54 of 1st period - Wrist shot by David Pastrnak.
3:54 of 1st period - Shot Misses the Net.
4:04 of 1st period - Snap shot by David Pastrnak.
4:04 of 1st period - Stopped by Keith Kinkaid with a rebound.
4:06 of 1st period - Slapshot by Ben Hutton.
4:06 of 1st period - Stopped by Keith Kinkaid with a rebound.
4:08 of 1st period - Snap shot by David Pastrnak.
4:08 of 1st period - Stopped by Keith Kinkaid without a rebound.
4:09 of 1st period - Tyler Bozak wins face-off versus Nick Bonino in Islanders zone.
4:18 of 1st period - Ryan Murray is hit by Ben Hutton and loses puck.
5:49 of 1st period - Mikhail Grigorenko is hit by Dion Phaneuf and loses puck.
5:56 of 1st period - Dion Phaneuf is hit by Radek Faksa and loses puck.
6:13 of 1st period - Nick Bonino is hit by Kyle Palmieri and loses puck.
6:26 of 1st period - Dion Phaneuf is hit by Chris Mueller and loses puck.
6:43 of 1st period - Snap shot by Vladimir Tarasenko.
6:43 of 1st period - Stopped by James Reimer with a rebound.
6:45 of 1st period - Slapshot by Jordie Benn.
6:45 of 1st period - Stopped by James Reimer with a rebound.
6:47 of 1st period - Wrist shot by James Neal.
6:47 of 1st period - Shot Blocked by Paul Martin.
7:22 of 1st period - Snap shot by Mikhail Grigorenko.
7:22 of 1st period - Shot Misses the Net.
7:44 of 1st period - Jake Gardiner is hit by Joseph Blandisi and loses puck.
7:49 of 1st period - Wrist shot by Nick Bonino.
7:49 of 1st period - Stopped by Keith Kinkaid without a rebound.
7:50 of 1st period - Mark Scheifele wins face-off versus Tyler Bozak in Islanders zone.
8:26 of 1st period - Wrist shot by Markus Hannikainen.
8:26 of 1st period - Shot Misses the Net.
9:06 of 1st period - Icing by Jordie Benn.
9:07 of 1st period - John Tavares wins face-off versus Nicklas Backstrom in Islanders zone.
9:25 of 1st period - Snap shot by Vladimir Tarasenko.
9:25 of 1st period - Stopped by James Reimer with a rebound.
9:29 of 1st period - Slapshot by Nicklas Backstrom.
9:29 of 1st period - Deflect By Vladimir Tarasenko.
9:29 of 1st period - Goal by Vladimir Tarasenko - Islanders : 1 - Red Wings : 0.
9:30 of 1st period - Brandon Dubinsky wins face-off versus Radek Faksa in neutral zone.
9:52 of 1st period - Icing by David Pastrnak.
9:53 of 1st period - Brandon Dubinsky wins face-off versus Tyler Bozak in Red Wings zone.
10:07 of 1st period - Off-side.
10:08 of 1st period - Jesper Fast wins face-off versus Brandon Dubinsky in neutral zone.
10:33 of 1st period - Tyler Bozak is hit by John Carlson and loses puck.
10:44 of 1st period - Snap shot by Mark Scheifele.
10:44 of 1st period - Stopped by Keith Kinkaid with a rebound.
11:22 of 1st period - Off-side.
11:23 of 1st period - Nick Bonino wins face-off versus Radek Faksa in neutral zone.
11:54 of 1st period - Wrist shot by John Tavares.
11:54 of 1st period - Goal by John Tavares - Islanders : 1 - Red Wings : 1.
11:55 of 1st period - John Tavares wins face-off versus Nicklas Backstrom in neutral zone.
12:06 of 1st period - Wrist shot by John Tavares.
12:06 of 1st period - Stopped by Keith Kinkaid with a rebound.
12:08 of 1st period - Snap shot by John Tavares.
12:08 of 1st period - Stopped by Keith Kinkaid with a rebound.
12:10 of 1st period - Snap shot by Dion Phaneuf.
12:10 of 1st period - Deflect By Mark Scheifele.
12:10 of 1st period - Shot Blocked by Jake Gardiner.
12:10 of 1st period - Puck is out of play.
12:11 of 1st period - Brandon Dubinsky wins face-off versus Tyler Bozak in Islanders zone.
12:20 of 1st period - Alex Goligoski is hit by Dion Phaneuf.
12:24 of 1st period - Snap shot by David Pastrnak.
12:24 of 1st period - Shot Blocked by Karl Alzner.
12:26 of 1st period - Wrist shot by Brandon Dubinsky.
12:26 of 1st period - Stopped by Keith Kinkaid with a rebound.
12:47 of 1st period - Snap shot by Kyle Palmieri.
12:47 of 1st period - Deflect By Brandon Saad.
12:47 of 1st period - Deflect By John Carlson.
12:47 of 1st period - Stopped by James Reimer with a rebound.
12:49 of 1st period - Slapshot by Alex Goligoski.
12:49 of 1st period - Stopped by James Reimer without a rebound.
12:50 of 1st period - Radek Faksa wins face-off versus John Tavares in Red Wings zone.
12:54 of 1st period - Minor Penalty to Paul Martin for Slashing.
12:55 of 1st period - Nick Bonino wins face-off versus Nicklas Backstrom in Red Wings zone.
12:55 of 1st period - Nick Bonino is hit by Vladimir Tarasenko.
13:27 of 1st period - Off-side.
13:28 of 1st period - Tyler Bozak wins face-off versus Brandon Dubinsky in neutral zone.
13:33 of 1st period - Slapshot by James Neal.
13:33 of 1st period - Shot Blocked by John Carlson.
14:01 of 1st period - Snap shot by Brandon Saad.
14:01 of 1st period - Stopped by James Reimer without a rebound.
14:02 of 1st period - Nicklas Backstrom wins face-off versus Nick Bonino in Red Wings zone.
14:54 of 1st period - Penalty to Paul Martin is over, Paul Martin is back on ice.
15:58 of 1st period - Snap shot by Jesper Fast.
15:58 of 1st period - Deflect By Mikhail Grigorenko.
15:58 of 1st period - Stopped by James Reimer with a rebound.
16:12 of 1st period - Snap shot by David Pastrnak.
16:12 of 1st period - Shot Blocked by Karl Alzner.
16:21 of 1st period - Off-side.
16:22 of 1st period - Nick Bonino wins face-off versus Evan Rodrigues in neutral zone.
16:49 of 1st period - Icing by Vladimir Tarasenko.
16:50 of 1st period - David Pastrnak wins face-off versus Nicklas Backstrom in Islanders zone.
17:44 of 1st period - Snap shot by Mikhail Grigorenko.
17:44 of 1st period - Stopped by James Reimer with a rebound.
18:34 of 1st period - Slapshot by Markus Hannikainen.
18:34 of 1st period - Stopped by Keith Kinkaid without a rebound.
18:35 of 1st period - Radek Faksa wins face-off versus John Tavares in Islanders zone.
19:02 of 1st period - Brandon Saad is hit by Nick Bonino and loses puck.
19:47 of 1st period - Minor Penalty to Dion Phaneuf for Hooking.
19:48 of 1st period - Nicklas Backstrom wins face-off versus Nick Bonino in Red Wings zone.
Goals for this period are 1 for Islanders vs 1 for Red Wings.
Shots for this period are 11 for Islanders vs 14 for Red Wings.

2nd period


0:01 of 2nd period - Nick Bonino wins face-off versus Nicklas Backstrom in neutral zone.
0:35 of 2nd period - Off-side.
0:36 of 2nd period - Brandon Dubinsky wins face-off versus Tyler Bozak in neutral zone.
0:45 of 2nd period - Wrist shot by James Neal.
0:45 of 2nd period - Stopped by James Reimer without a rebound.
0:46 of 2nd period - Nick Bonino wins face-off versus Nicklas Backstrom in Red Wings zone.
0:55 of 2nd period - Snap shot by Nicklas Backstrom.
0:55 of 2nd period - Stopped by James Reimer with a rebound.
1:47 of 2nd period - Penalty to Dion Phaneuf is over, Dion Phaneuf is back on ice.
2:05 of 2nd period - Slapshot by Ben Hutton.
2:05 of 2nd period - Deflect By Mikhail Grigorenko.
2:05 of 2nd period - Stopped by Keith Kinkaid without a rebound.
2:06 of 2nd period - John Tavares wins face-off versus Radek Faksa in Islanders zone.
2:33 of 2nd period - Evan Rodrigues is hit by Dion Phaneuf and loses puck.
2:42 of 2nd period - Slapshot by Jake Gardiner.
2:42 of 2nd period - Shot Misses the Net.
3:00 of 2nd period - Brandon Saad is hit by Christian Djoos and loses puck.
3:35 of 2nd period - Snap shot by Mikhail Grigorenko.
3:35 of 2nd period - Stopped by James Reimer with a rebound.
4:00 of 2nd period - Slapshot by John Carlson.
4:00 of 2nd period - Shot Blocked by Brandon Saad.
4:02 of 2nd period - Snap shot by John Tavares.
4:02 of 2nd period - Deflect By Mark Scheifele.
4:02 of 2nd period - Shot Misses the Net.
4:02 of 2nd period - Puck is out of play.
4:03 of 2nd period - Tyler Bozak wins face-off versus Brandon Dubinsky in Islanders zone.
4:03 of 2nd period - Tyler Bozak is hit by Connor Murphy.
4:34 of 2nd period - Slapshot by Christian Djoos.
4:34 of 2nd period - Deflect By Vladimir Tarasenko.
4:34 of 2nd period - Stopped by Keith Kinkaid with a rebound.
4:42 of 2nd period - Nicklas Backstrom is hit by Ben Hutton and loses puck.
5:08 of 2nd period - Wrist shot by Vladimir Tarasenko.
5:08 of 2nd period - Deflect By Nicklas Backstrom.
5:08 of 2nd period - Shot Blocked by Paul Martin.
5:08 of 2nd period - Puck is out of play.
5:09 of 2nd period - Tyler Bozak wins face-off versus Tomas Tatar in Red Wings zone.
5:30 of 2nd period - Icing by Tyler Bozak.
5:31 of 2nd period - Tyler Bozak wins face-off versus Brandon Dubinsky in Islanders zone.
5:46 of 2nd period - Penalty Shot by Paul Martin for Red Wings.
5:46 of 2nd period - Snap shot by Paul Martin.
5:46 of 2nd period - Stopped by Keith Kinkaid.
5:47 of 2nd period - Nicklas Backstrom wins face-off versus John Tavares in Red Wings zone.
6:00 of 2nd period - Off-side.
6:01 of 2nd period - John Tavares wins face-off versus Radek Faksa in neutral zone.
6:47 of 2nd period - Wrist shot by Matt Nieto.
6:47 of 2nd period - Stopped by Keith Kinkaid with a rebound.
6:49 of 2nd period - Wrist shot by Nick Bonino.
6:49 of 2nd period - Stopped by Keith Kinkaid without a rebound.
6:50 of 2nd period - Tyler Bozak wins face-off versus Nick Bonino in Islanders zone.
6:50 of 2nd period - Tyler Bozak is hit by Matt Nieto.
7:03 of 2nd period - Wrist shot by Kyle Palmieri.
7:03 of 2nd period - Shot Blocked by Paul Martin.
7:23 of 2nd period - Snap shot by Nick Bonino.
7:23 of 2nd period - Shot Misses the Net.
7:25 of 2nd period - Snap shot by Matt Nieto.
7:25 of 2nd period - Stopped by Keith Kinkaid with a rebound.
7:27 of 2nd period - Wrist shot by Joseph Blandisi.
7:27 of 2nd period - Shot Misses the Net.
7:29 of 2nd period - Backhand shot by Matt Nieto.
7:29 of 2nd period - Shot Misses the Net.
7:31 of 2nd period - Wrist shot by Nick Bonino.
7:31 of 2nd period - Shot Blocked by Jordie Benn.
7:33 of 2nd period - Slapshot by Paul Martin.
7:33 of 2nd period - Shot Misses the Net.
7:41 of 2nd period - Snap shot by Nick Bonino.
7:41 of 2nd period - Shot Misses the Net.
7:43 of 2nd period - Snap shot by Nick Bonino.
7:43 of 2nd period - Shot Blocked by Jordie Benn.
7:45 of 2nd period - Snap shot by Nick Bonino.
7:45 of 2nd period - Goal by Nick Bonino - Islanders : 1 - Red Wings : 2.
7:46 of 2nd period - Radek Faksa wins face-off versus John Tavares in neutral zone.
9:14 of 2nd period - Wrist shot by Sam Gagner.
9:14 of 2nd period - Shot Misses the Net.
9:16 of 2nd period - Snap shot by Brandon Dubinsky.
9:16 of 2nd period - Goal by Brandon Dubinsky - Islanders : 1 - Red Wings : 3.
9:17 of 2nd period - Nicklas Backstrom wins face-off versus John Tavares in neutral zone.
9:27 of 2nd period - Minor Penalty to Dion Phaneuf for Hooking.
9:28 of 2nd period - Nick Bonino wins face-off versus Nicklas Backstrom in Red Wings zone.
11:27 of 2nd period - Penalty to Dion Phaneuf is over, Dion Phaneuf is back on ice.
12:04 of 2nd period - Jake Gardiner is hit by Cedric Paquette and loses puck.
12:27 of 2nd period - Timo Meier is hit by Nick Bonino.
13:05 of 2nd period - Wrist shot by David Pastrnak.
13:05 of 2nd period - Shot Misses the Net.
13:07 of 2nd period - Slapshot by Connor Murphy.
13:07 of 2nd period - Shot Blocked by Kyle Palmieri.
13:19 of 2nd period - Wrist shot by Cedric Paquette.
13:19 of 2nd period - Stopped by Keith Kinkaid with a rebound.
13:21 of 2nd period - Slapshot by Dion Phaneuf.
13:21 of 2nd period - Deflect By Lukas Sedlak.
13:21 of 2nd period - Shot Misses the Net.
13:21 of 2nd period - Puck is out of play.
13:22 of 2nd period - Radek Faksa wins face-off versus Nick Bonino in Islanders zone.
13:28 of 2nd period - Off-side.
13:29 of 2nd period - Joseph Blandisi wins face-off versus Nicklas Backstrom in neutral zone.
13:52 of 2nd period - Karl Alzner is hit by Dion Phaneuf and loses puck.
14:09 of 2nd period - Wrist shot by Matt Nieto.
14:09 of 2nd period - Shot Misses the Net.
14:17 of 2nd period - Snap shot by Nicklas Backstrom.
14:17 of 2nd period - Shot Blocked by Matt Nieto.
14:19 of 2nd period - Slapshot by Karl Alzner.
14:19 of 2nd period - Shot Misses the Net.
14:21 of 2nd period - Snap shot by Karl Alzner.
14:21 of 2nd period - Shot Misses the Net.
14:23 of 2nd period - Slapshot by Alex Goligoski.
14:23 of 2nd period - Stopped by James Reimer without a rebound.
14:24 of 2nd period - Radek Faksa wins face-off versus John Tavares in Red Wings zone.
14:27 of 2nd period - Wrist shot by Mikhail Grigorenko.
14:27 of 2nd period - Shot Blocked by Paul Martin.
14:29 of 2nd period - Wrist shot by Jesper Fast.
14:29 of 2nd period - Shot Blocked by Connor Murphy.
14:31 of 2nd period - Snap shot by Mikhail Grigorenko.
14:31 of 2nd period - Stopped by James Reimer with a rebound.
14:33 of 2nd period - Snap shot by Will Butcher.
14:33 of 2nd period - Stopped by James Reimer with a rebound.
14:35 of 2nd period - Wrist shot by Jesper Fast.
14:35 of 2nd period - Stopped by James Reimer without a rebound.
14:36 of 2nd period - John Tavares wins face-off versus Tyler Bozak in Red Wings zone.
14:41 of 2nd period - Slapshot by Brandon Saad.
14:41 of 2nd period - Shot Misses the Net.
14:43 of 2nd period - Slapshot by Will Butcher.
14:43 of 2nd period - Stopped by James Reimer with a rebound.
14:45 of 2nd period - Backhand shot by Will Butcher.
14:45 of 2nd period - Shot Blocked by Ben Hutton.
14:47 of 2nd period - Backhand shot by Will Butcher.
14:47 of 2nd period - Stopped by James Reimer with a rebound.
15:10 of 2nd period - Mark Scheifele is hit by Timo Meier and loses puck.
15:33 of 2nd period - Snap shot by Tomas Tatar.
15:33 of 2nd period - Stopped by Keith Kinkaid with a rebound.
16:09 of 2nd period - Wrist shot by James Neal.
16:09 of 2nd period - Stopped by James Reimer with a rebound.
16:27 of 2nd period - Jake Gardiner is hit by Nick Bonino and loses puck.
16:59 of 2nd period - Wrist shot by Jesper Fast.
16:59 of 2nd period - Shot Misses the Net.
17:14 of 2nd period - Dion Phaneuf is hit by Vladimir Tarasenko and loses puck.
17:34 of 2nd period - Snap shot by Markus Hannikainen.
17:34 of 2nd period - Stopped by Keith Kinkaid with a rebound.
17:50 of 2nd period - Cedric Paquette is hit by Tyler Bozak and loses puck.
17:55 of 2nd period - Wrist shot by Kyle Palmieri.
17:55 of 2nd period - Shot Blocked by Connor Murphy.
17:57 of 2nd period - Snap shot by Brandon Saad.
17:57 of 2nd period - Stopped by James Reimer with a rebound.
17:59 of 2nd period - Wrist shot by Tyler Bozak.
17:59 of 2nd period - Shot Misses the Net.
18:48 of 2nd period - Wrist shot by Kyle Palmieri.
18:48 of 2nd period - Deflect By Tyler Bozak.
18:48 of 2nd period - Shot Misses the Net.
18:48 of 2nd period - Puck is out of play.
18:49 of 2nd period - Nicklas Backstrom wins face-off versus John Tavares in Red Wings zone.
19:02 of 2nd period - Wrist shot by Nicklas Backstrom.
19:02 of 2nd period - Goal by Nicklas Backstrom - Islanders : 2 - Red Wings : 3.
19:03 of 2nd period - Radek Faksa wins face-off versus John Tavares in neutral zone.
19:06 of 2nd period - Slapshot by Jake Gardiner.
19:06 of 2nd period - Stopped by James Reimer with a rebound.
19:30 of 2nd period - John Carlson is hit by Vladimir Tarasenko and loses puck.
Goals for this period are 1 for Islanders vs 2 for Red Wings.
Shots for this period are 13 for Islanders vs 10 for Red Wings.

3rd period


0:01 of 3rd period - John Tavares wins face-off versus Nicklas Backstrom in neutral zone.
0:33 of 3rd period - Slapshot by Jesper Fast.
0:33 of 3rd period - Shot Misses the Net.
0:53 of 3rd period - Slapshot by Paul Martin.
0:53 of 3rd period - Stopped by Keith Kinkaid without a rebound.
0:54 of 3rd period - Evan Rodrigues wins face-off versus John Tavares in Islanders zone.
1:23 of 3rd period - Snap shot by Chris Mueller.
1:23 of 3rd period - Stopped by James Reimer without a rebound.
1:24 of 3rd period - Brandon Dubinsky wins face-off versus Nicklas Backstrom in Red Wings zone.
1:47 of 3rd period - Will Butcher is hit by Dion Phaneuf and loses puck.
1:54 of 3rd period - Snap shot by David Pastrnak.
1:54 of 3rd period - Shot Misses the Net.
1:56 of 3rd period - Slapshot by Dion Phaneuf.
1:56 of 3rd period - Shot Blocked by Ryan Murray.
2:38 of 3rd period - Backhand shot by David Pastrnak.
2:38 of 3rd period - Shot Misses the Net.
2:40 of 3rd period - Slapshot by John Carlson.
2:40 of 3rd period - Shot Misses the Net.
2:46 of 3rd period - Wrist shot by Sam Gagner.
2:46 of 3rd period - Shot Misses the Net.
2:56 of 3rd period - Wrist shot by Sam Gagner.
2:56 of 3rd period - Shot Misses the Net.
3:00 of 3rd period - Snap shot by Brandon Dubinsky.
3:00 of 3rd period - Stopped by Keith Kinkaid without a rebound.
3:01 of 3rd period - John Tavares wins face-off versus Radek Faksa in Islanders zone.
3:06 of 3rd period - Wrist shot by Mark Scheifele.
3:06 of 3rd period - Shot Misses the Net.
3:26 of 3rd period - Tyler Bozak is hit by Joseph Blandisi and loses puck.
4:11 of 3rd period - John Tavares is hit by Radek Faksa and loses puck.
4:34 of 3rd period - Wrist shot by Brandon Saad.
4:34 of 3rd period - Stopped by James Reimer without a rebound.
4:35 of 3rd period - Brandon Saad wins face-off versus Cedric Paquette in Red Wings zone.
4:40 of 3rd period - Snap shot by Tyler Bozak.
4:40 of 3rd period - Stopped by James Reimer without a rebound.
4:41 of 3rd period - Lukas Sedlak wins face-off versus Radek Faksa in Red Wings zone.
5:26 of 3rd period - Icing by Tyler Bozak.
5:27 of 3rd period - Brandon Dubinsky wins face-off versus Nicklas Backstrom in Islanders zone.
6:32 of 3rd period - Minor Penalty to Tyler Bozak for Boarding.
6:33 of 3rd period - John Tavares wins face-off versus Jesper Fast in Islanders zone.
6:40 of 3rd period - Wrist shot by Mark Scheifele.
6:40 of 3rd period - Shot Misses the Net.
6:42 of 3rd period - Wrist shot by Mark Scheifele.
6:42 of 3rd period - Deflect By John Tavares.
6:42 of 3rd period - Shot Misses the Net.
6:42 of 3rd period - Puck is out of play.
6:43 of 3rd period - John Tavares wins face-off versus Radek Faksa in Islanders zone.
7:46 of 3rd period - Alex Goligoski is hit by Paul Martin and loses puck.
8:32 of 3rd period - Penalty to Tyler Bozak is over, Tyler Bozak is back on ice.
8:58 of 3rd period - Snap shot by Chris Mueller.
8:58 of 3rd period - Shot Misses the Net.
9:33 of 3rd period - Lukas Sedlak is hit by Alex Goligoski and loses puck.
10:29 of 3rd period - Slapshot by Jake Gardiner.
10:29 of 3rd period - Shot Blocked by Dion Phaneuf.
11:10 of 3rd period - Slapshot by Christian Djoos.
11:10 of 3rd period - Stopped by Keith Kinkaid with a rebound.
11:12 of 3rd period - Snap shot by Matt Nieto.
11:12 of 3rd period - Shot Blocked by Will Butcher.
11:29 of 3rd period - John Tavares is hit by Mikhail Grigorenko and loses puck.
11:40 of 3rd period - Jordie Benn is hit by Sam Gagner and loses puck.
11:51 of 3rd period - John Carlson is hit by Kyle Palmieri and loses puck.
11:59 of 3rd period - Icing by Connor Murphy.
12:00 of 3rd period - Nick Bonino wins face-off versus Nicklas Backstrom in Red Wings zone.
12:07 of 3rd period - Slapshot by John Carlson.
12:07 of 3rd period - Shot Blocked by Will Butcher.
12:27 of 3rd period - Wrist shot by Mark Scheifele.
12:27 of 3rd period - Shot Blocked by Radek Faksa.
12:29 of 3rd period - Snap shot by John Tavares.
12:29 of 3rd period - Stopped by Keith Kinkaid without a rebound.
12:30 of 3rd period - Jesper Fast wins face-off versus John Tavares in Islanders zone.
12:37 of 3rd period - Radek Faksa is hit by Dion Phaneuf.
13:01 of 3rd period - Brandon Dubinsky is hit by Kyle Palmieri and loses puck.
13:48 of 3rd period - Snap shot by Chris Mueller.
13:48 of 3rd period - Goal by Chris Mueller - Islanders : 3 - Red Wings : 3.
13:49 of 3rd period - Tyler Bozak wins face-off versus John Tavares in neutral zone.
14:15 of 3rd period - Will Butcher is hit by Matt Nieto and loses puck.
14:26 of 3rd period - Slapshot by Will Butcher.
14:26 of 3rd period - Stopped by James Reimer without a rebound.
14:27 of 3rd period - Nicklas Backstrom wins face-off versus John Tavares in Red Wings zone.
14:36 of 3rd period - Snap shot by Vladimir Tarasenko.
14:36 of 3rd period - Shot Misses the Net.
14:38 of 3rd period - Slapshot by Jake Gardiner.
14:38 of 3rd period - Shot Misses the Net.
14:54 of 3rd period - Wrist shot by Mikhail Grigorenko.
14:54 of 3rd period - Shot Blocked by Paul Martin.
15:08 of 3rd period - Wrist shot by John Tavares.
15:08 of 3rd period - Shot Misses the Net.
15:15 of 3rd period - Slapshot by Paul Martin.
15:15 of 3rd period - Shot Misses the Net.
15:17 of 3rd period - Slapshot by Connor Murphy.
15:17 of 3rd period - Deflect By Tomas Tatar.
15:17 of 3rd period - Stopped by Keith Kinkaid with a rebound.
15:19 of 3rd period - Snap shot by Tomas Tatar.
15:19 of 3rd period - Stopped by Keith Kinkaid with a rebound.
15:29 of 3rd period - Snap shot by John Tavares.
15:29 of 3rd period - Shot Misses the Net.
15:31 of 3rd period - Slapshot by Tomas Tatar.
15:31 of 3rd period - Shot Misses the Net.
15:33 of 3rd period - Wrist shot by Connor Murphy.
15:33 of 3rd period - Stopped by Keith Kinkaid with a rebound.
15:35 of 3rd period - Wrist shot by Mark Scheifele.
15:35 of 3rd period - Stopped by Keith Kinkaid with a rebound.
16:05 of 3rd period - Wrist shot by Jesper Fast.
16:05 of 3rd period - Stopped by James Reimer with a rebound.
16:44 of 3rd period - Snap shot by John Tavares.
16:44 of 3rd period - Stopped by Keith Kinkaid without a rebound.
16:45 of 3rd period - Sam Gagner wins face-off versus Nicklas Backstrom in Islanders zone.
19:28 of 3rd period - Wrist shot by Chris Mueller.
19:28 of 3rd period - Goal by Chris Mueller - Islanders : 4 - Red Wings : 3.
19:29 of 3rd period - John Tavares wins face-off versus Radek Faksa in neutral zone.
19:34 of 3rd period - Red Wings, James Reimer is pulled from the net.
19:36 of 3rd period - Wrist shot by Mark Scheifele.
19:36 of 3rd period - Stopped by Keith Kinkaid with a rebound.
19:38 of 3rd period - Snap shot by John Tavares.
19:38 of 3rd period - Goal by John Tavares - Islanders : 4 - Red Wings : 4.
19:38 of 3rd period - James Reimer from Red Wings was sent back in the game.
19:39 of 3rd period - Brandon Dubinsky wins face-off versus Radek Faksa in neutral zone.
19:52 of 3rd period - Wrist shot by David Pastrnak.
19:52 of 3rd period - Shot Blocked by Will Butcher.
Goals for this period are 2 for Islanders vs 1 for Red Wings.
Shots for this period are 7 for Islanders vs 11 for Red Wings.

Overtime #1


0:01 of 1st overtime period - Nicklas Backstrom wins face-off versus John Tavares in neutral zone.
0:04 of 1st overtime period - Wrist shot by Nicklas Backstrom.
0:04 of 1st overtime period - Stopped by James Reimer without a rebound.
0:05 of 1st overtime period - Nicklas Backstrom wins face-off versus John Tavares in Red Wings zone.
0:22 of 1st overtime period - Wrist shot by John Tavares.
0:22 of 1st overtime period - Deflect By Kyle Palmieri.
0:22 of 1st overtime period - Goal by John Tavares - Islanders : 4 - Red Wings : 5.
Goals for this period are 0 for Islanders vs 1 for Red Wings.
Shots for this period are 1 for Islanders vs 1 for Red Wings.